AoeStats
← Voxi

Arabia

506074615Analyzed
1v1 RM · 21d ago on Sep 12, 2026· 49m 5s· 2 players
Game mode
Random Map
Map size
Tiny (2 player)
Population
200
Speed
Normal
Resources
Standard
Victory
Conquest
Starting age
Dark Age
Ending age
Imperial Age
RankedLock teamsTeams togetherTeam positionsShared explorationLock speedFull tech treeHidden civsTurbo modeCheats
Victory
Defeat
🇹🇼 Koreans · Taiwan
1110
+14
🇩🇪 Vietnamese · Germany
1067
-14
Voxi
6:19 Loom
7:01 Loom
10:42 Feudal Age
10:43 Man-at-Arms
12:39 Double-Bit Axe
15:54 Wheelbarrow
20:29 Castle Age
18:42 Fletching
20:55 Padded Archer Armor
21:09 Bodkin Arrow
21:29 Bodkin Arrow
23:57 Bow Saw
23:30 Elite Skirmisher
25:46 Leather Archer Armor
34:43 Horse Collar
35:37 Hand Cart
36:16 Scale Barding Armor
39:52 Imperial Age
39:27 Chain Barding Armor
39:22 Light Cavalry
41:50 Plate Barding Armor
42:32 Forging
41:57 Imperial Skirmisher
42:59 Husbandry
44:08 Iron Casting
44:22 Bloodlines
45:59 Long Swordsman
48:02 Two-Handed Swordsman
Boyoyo
6:10 Loom
8:43 Feudal Age
9:20 Double-Bit Axe
10:18 Horse Collar
16:24 Gold Mining
16:45 Fletching
20:45 Castle Age
21:44 Bow Saw
21:33 Bodkin Arrow
21:00 Crossbowman
23:55 Thumb Ring
24:04 Squires
24:32 Stone Mining
29:54 Heavy Plow
34:47 Imperial Age
34:55 Eupseong
35:22 Scale Mail Armor
35:32 Forging
36:34 Chemistry
36:29 Bracer
36:45 Chain Mail Armor
37:41 Arrowslits
38:17 Ballistics
38:08 Masonry
40:10 Two-Man Saw
39:11 Elite Skirmisher
40:05 Elite Fire Lancer
40:31 Gambesons
40:32 Arson
41:39 Siege Engineers
42:05 Architecture
42:40 Plate Mail Armor
42:21 Forging
49:37 Architecture
49:03 Murder Holes
48:51 Treadmill Crane
Connection lost

Rejoining the realm…

Still unreachable

The connection could not be restored.

Session expired

The server has moved on; the page needs a fresh start.